Unix NetHack Version 3.7.0-101 Work-in-progress - last build Mar 4 2024 13:34:30 (3c4ac04b664b9ee0831c739617f054b5b60dbfd1,branch:master). Game began 2024-03-10 11:21:05, ended 2024-03-10 11:38:48. Cloudmillion, lawful female human Valkyrie ------------- |...........| |...`.......-# |<..........|# ####################%##*# -------------### # -.- #/[ % ..... # #P@u######### ......... #####[# |...-----...| ---------- ##----------- |.. ..| |.........#####|..........# |. .| |........|#####-......*(.| |. .| |........+ # |..>......| | | |........| # ----------- |.........#### |........| ---------- Cloudmillion the Fighter St:18/02 Dx:10 Co:16 In:10 Wi:8 Ch:10 Lawful Dlvl:6 $:59 HP:0(63) Pw:16(16) AC:-2 Xp:7 T:3172 Latest messages: The werewolf bites! What do you want to drink? [qv or ?*] q You feel better. What do you want to zap? [gjnI or ?*] n In what direction? 4 The wolf turns into a black pudding! The werewolf bites! You feel feverish. What do you want to zap? [gjnI or ?*] n In what direction? 6 The werewolf turns into a horse! The horse misses! The horse misses! The black pudding divides as you hit it! Your spear corrodes! The horse kicks! The horse just misses! The black pudding divides as you hit it! Your spear corrodes further! The horse misses! The horse misses! The black pudding divides as you hit it! Your spear corrodes completely! The black pudding bites! Your banded mail corrodes! The horse misses! The horse misses! You miss the black pudding. The horse misses! The horse bites! The horse kicks! The horse bites! You kill the black pudding! The horse misses! The horse bites! You see here a small glob of black pudding. The black pudding divides as you hit it! The black pudding misses! You miss the black pudding. The horse kicks! The horse bites! You hit the black pudding! The black pudding bites! Your banded mail corrodes further! You die... Do you want your possessions identified? [ynq] (y) y Do you want to see your attributes? [ynq] (y) y Do you want an account of creatures vanquished? [ynaq] (y) y Do you want to see your conduct and achievements? [ynq] (y) y Do you want to see the dungeon overview? [ynq] (y) y Inventory: Coins $ - 59 gold pieces Weapons k - a blessed +1 dagger b - a +0 dagger (alternate weapon; not wielded) a - a rusty thoroughly corroded +1 spear (weapon in right hand) Armor x - an uncursed +0 dwarvish iron helm (being worn) y - an uncursed +0 pair of iron shoes (being worn) c - an uncursed +3 small shield (being worn) p - an uncursed very rusty very corroded +0 banded mail (being worn) Comestibles d - an uncursed food ration i - an uncursed egg Scrolls E - a cursed scroll of earth e - 2 uncursed scrolls of enchant armor t - an uncursed scroll of fire h - an uncursed scroll of genocide C - a cursed scroll of gold detection H - an uncursed scroll of identify f - an uncursed scroll of teleportation D - a cursed scroll of teleportation Spellbooks F - a cursed spellbook of detect food Potions v - a potion of unholy water Rings A - an uncursed ring of slow digestion Wands j - a wand of cold named Cold (0:0) I - a wand of create monster (0:14) n - a wand of polymorph named polymorph (0:2) g - a wand of undead turning (0:4) Tools r - an uncursed lock pick Gems/Stones u - an uncursed worthless piece of orange glass s - an uncursed worthless piece of yellowish brown glass Cloudmillion the Valkyrie's attributes: Background: You were a Fighter, a level 7 human Valkyrie. You were lawful, on a mission for Tyr who was opposed by Odin (neutral) and Loki (chaotic). You were right-handed. You were in the Dungeons of Doom, on level 6. You entered the dungeon 3172 turns ago. There was a new moon in effect when your adventure ended. You had 948 experience points, 332 more were needed to attain level 8. Basics: You had 0 out of 63 hit points. You had all 16 energy points (spell power). Your armor class was -2. Your wallet contained 59 zorkmids. Autopickup was off. Final Characteristics: Your strength was 18/02 (limit:18/100). Your dexterity was 10 (limit:18). Your constitution was 16 (limit:18). Your intelligence was 10 (limit:18). Your wisdom was 8 (limit:18). Your charisma was 10 (limit:18). Final Status: You weren't hungry. You were unencumbered. You were wielding a spear. You were skilled in spear. Final Attributes: You were piously aligned. You were cold resistant. You were level-drain resistant. You were stealthy. You were warded. You were a werewolf. You were harmed by silver. You were fast. You are dead. Miscellaneous: You encountered 1 bones level. Total elapsed playing time was 17 minutes and 43 seconds. Major events: Turn 1: Cloudmillion the lawful human Valkyrie entered the dungeon 211: entered the Gnomish Mines 800: attained the rank of Skirmisher (level 3) 1986: attained the rank of Fighter (level 6) 2023: reached Mine Town 3172: killed by a black pudding Vanquished creatures: a black pudding a warg a winter wolf 6 wolves a leprechaun a raven 3 apes a human zombie a bugbear a wood nymph 3 Mordor orcs a pony a fog cloud 4 gnome leaders 2 gnomish wizards a dwarf 2 hill orcs a giant bat 4 orc zombies 3 dwarf zombies a werejackal an iguana a coyote 3 hobbits 2 large kobolds a hobgoblin a yellow mold 14 gnomes 3 gnome zombies 4 geckos 3 jackals 2 goblins 4 sewer rats 5 grid bugs 2 lichens 7 kobold zombies 6 newts 99 creatures vanquished. No species were genocided or became extinct. Voluntary challenges: You followed a strict vegan diet. You read items or engraved 4 times. You never engraved Elbereth. You never genocided any monsters. You never polymorphed an object. You never changed form. You used no wishes. Achievements: You entered the Gnomish Mines. You entered a shop. You attained the rank of Skirmisher. You attained the rank of Fighter. You entered Minetown. The Dungeons of Doom: levels 1 to 6 Level 1: An altar to Tyr. Level 2: An altar, a fountain. Stairs down to The Gnomish Mines. Level 3: Level 4: A fountain. Level 5: A fountain. Level 6: <- You were here. Final resting place for you, killed by a black pudding, nabru-Wiz-Elf-Fem-Cha, killed by a large kobold. The Gnomish Mines: levels 3 to 5 Level 3: Level 4: Level 5: Game over: ---------- / \ / REST \ / IN \ / PEACE \ / \ | Cloudmillion | | 59 Au | | killed by a | | black pudding | | | | | | 2024 | *| * * * | * _________)/\\_//(\/(/\)/\//\/|_)_______ Farvel Cloudmillion the Valkyrie... You died in The Dungeons of Doom on dungeon level 6 with 4126 points, and 59 pieces of gold, after 3172 moves. You were level 7 with a maximum of 63 hit points when you died.